 Dungeon Crawl Stone Soup version 0.24.0-7-gb3623d2c88 (webtiles) character file.

Game seed: 3397512608879862578, levelgen mode: deterministic

54073 Majang the Cleaver (level 14, -6/115 HPs)
             Began as a Barachi Fighter on Nov 2, 2019.
             Was the Champion of Makhleb.
             Killed by divine providence
             ... invoked by an orc priest
              (13 damage)
             ... on level 2 of the Orcish Mines.
             The game lasted 01:42:32 (24731 turns).

Majang the Cleaver (Barachi Fighter)               Turns: 24731, Time: 01:42:33

Health: -6/115     AC: 17    Str: 22    XL:     14   Next: 71%
Magic:  20/20      EV: 15    Int:  9    God:    Makhleb [******]
Gold:   1436       SH: 12    Dex: 12    Spells: 13/13 levels left

rFire    + . .     SeeInvis .   a - +3 broad axe
rCold    + + .     Gourm    .   c - +0 shield
rNeg     . . .     Faith    .   B - +4 scale mail
rPois    .         Spirit   .   w - +0 helmet
rElec    .         Reflect  .   (no cloak)
rCorr    .         Harm     .   m - +0 pair of gloves
MR       +....                  v - +0 pair of boots
Stlth    ..........             (no amulet)
HPRegen  0.29/turn              K - ring of protection from cold
MPRegen  0.17/turn              j - ring of protection from fire

@: berserk cooldown, slowed, lightly drained, very slow
A: +LOS, swims, hooves 1, cold resistance 1, slowness 1, strong legs 2
a: Hop, Minor Destruction, Lesser Servant of Makhleb, Major Destruction, Greater
Servant of Makhleb, Renounce Religion


You were on level 2 of the Orcish Mines.
You worshipped Makhleb.
Makhleb was exalted by your worship.
You were hungry.

You visited 4 branches of the dungeon, and saw 19 of its levels.
You also visited: Volcano.

You collected 2415 gold pieces.
You spent 979 gold pieces at shops.

Inventory:

Hand Weapons
 a - a +3 broad axe (weapon)
 b - a +2 hand axe of flaming
 L - a +1 war axe
Missiles
 i - 10 curare-tipped darts
 k - 57 poisoned darts
 J - 9 silver boomerangs
 M - 11 javelins (quivered)
 N - 20 boomerangs
 O - 4 throwing nets
Armour
 c - a +0 shield (worn)
 m - a +0 pair of gloves (worn)
 v - a +0 pair of boots (worn)
 w - a +0 helmet (worn)
 A - a +3 chain mail of poison resistance
 B - a +4 scale mail (worn)
 G - a +0 plate armour of cold resistance
Jewellery
 j - a ring of protection from fire (right hand)
 q - a cursed ring of attention {unknown}
 K - a ring of protection from cold (left hand)
 P - a +1 ring of protection
Wands
 s - a wand of disintegration (15)
 y - a wand of iceblast (28)
 C - a wand of digging (13)
Scrolls
 e - 5 scrolls of teleportation
 g - 6 scrolls of identify
 h - 3 scrolls of magic mapping
 o - a scroll of blinking
 r - a scroll of enchant armour
 t - 8 scrolls of amnesia
 H - 2 scrolls of fog
 I - a scroll of remove curse
Potions
 d - 2 potions of mutation
 l - 3 potions of curing
 n - 3 potions of lignification
 p - 5 potions of brilliance
 u - a potion of magic
 x - a potion of resistance
 z - 2 potions of flight
 D - 4 potions of ambrosia
 F - 3 potions of heal wounds
 Q - a potion of might
 S - a potion of haste
 T - a potion of agility
Comestibles
 f - 25 rations
 E - 6 chunks of flesh


   Skills:
 + Level 12.1(11.9) Fighting
 * Level 14.6(14.4) Axes
 + Level 12.1(11.9) Armour
 + Level 10.7(10.5) Dodging
 + Level 11.1(10.9) Shields
 + Level 8.4(8.2) Invocations


You had 13 spell levels left.
You didn't know any spells.
Your spell library contained the following spells:

 Spells                   Type           Power        Failure   Level  Hunger
 Animate Skeleton         Necr           N/A          82%         1    ##.....
 Apportation              Tloc           #.....       82%         1    ##.....
 Confusing Touch          Hex            #.....       82%         1    ##.....
 Sandblast                Erth           #.....       82%         1    ##.....
 Summon Small Mammal      Summ           #...         82%         1    ##.....
 Call Imp                 Summ           #.......     91%         2    ###....
 Passwall                 Tmut/Erth      #.......     91%         2    ###....
 Call Canine Familiar     Summ           #.......     99%         3    ####...
 Stone Arrow              Conj/Erth      #.....       99%         3    ####...
 Summon Guardian Golem    Hex/Summ       #.......     99%         3    ####...
 Petrify                  Tmut/Erth      #.......     100%        4    #####..
 Summon Ice Beast         Ice/Summ       #.......     100%        4    #####..
 Summon Lightning Spire   Summ/Air       #.......     100%        4    #####..
 Lee's Rapid Deconstruct  Erth           #.........   100%        5    ######.


Dungeon Overview and Level Annotations

Branches:
Dungeon (10/15)            Temple (1/1) D:6            Lair (6/6) D:9
 Shoals (0/4) Lair:2        Snake (0/4) Lair:2        Slime (0/5) Lair:5
    Orc (2/2) D:10            Elf (0/3) Orc:2       Volcano (visited)

Altars:
Ashenzari
Cheibriados
Dithmenos
Elyvilon
Fedhas
Gozag
Hepliaklqana
Kikubaaqudgha
Makhleb
Nemelex Xobeh
Okawaru
Qazlal
Ru
Sif Muna
Trog
Uskayaw
Vehumet
Xom
Yredelemnul
Zin
The Shining One
Beogh

Shops:
D:4 !   D:5 }**   D:7 %   D:8 (   Orc:2 :!

Portals:
Hell: Lair:6

Annotations:
Lair:2 3 runed translucent doors, barb4r1an's ghost, journeyman DsMo


Innate Abilities, Weirdness & Mutations

Shadows flee at your approach. (+LOS)
You can swim through water.
You cover ground slowly.
You can hop long distances.
You have large cloven feet.
Your flesh is cold resistant. (rC+)


Message History

You hit the orc priest.
The orc priest is moderately wounded.
You hit the orc warrior but do no damage.
You hit the orc.
The orc warrior hits you but does no damage.
The orc barely misses you. You block the orc priest's attack.
The orc warrior hits you but does no damage.
The orc warrior hits you from afar with a +0 trident!
* * * LOW HITPOINT WARNING * * *
You barely miss the orc priest.
The orc priest is moderately wounded.
You hit the orc but do no damage.
You hit the orc warrior but do no damage.
The orc hits you with a +2 hand axe of electrocution.
* * * LOW HITPOINT WARNING * * *
You are electrocuted!
* * * LOW HITPOINT WARNING * * *
The orc priest calls down the wrath of Beogh upon you.
Beogh smites you!
You die...

##........# #.# .#.....#.## #.#
.#.....##### #.# .8o#
.#.#....##.## #.# ...#
##..........# #.# o..+ #.
#..#........# #.# ...# #.
..##........###.# ...## #.##
.####.##....#.#)## o..8# ##..# ##
###........o@### ....###....#
##### ##......##ooo##'''##...#.##
....####........ooo...(..........
###...###............8.8.........
∩.##...#.........................
...##............................
_...#..#....................##...
8...#.#.........................#
)...#............................


You could see 2 orc warriors, an orc priest and 4 orcs.

Vanquished Creatures
  Kirke (Lair:5)
  2 orc warlords
  A dire elephant (Lair:6)
  4 hydras
  Harold (Orc:1)
  A centaur warrior (D:8)
  A two-headed ogre (D:9)
  5 death yaks (Lair:5)
  The ghost of sneaky the Fighter, a novice OpFi of Dithmenos (D:7)
  Sonja (Lair:5)
  A sixfirhy (Lair:6)
  A wizard (Lair:6)
  2 orc sorcerers (Orc:2)
  A cyclops (Orc:1)
  2 ugly things (Volcano)
  9 black mambas
  7 elephants
  11 spiny frogs
  A gargoyle (D:7)
  6 rime drakes
  8 komodo dragons
  2 ice devils (Lair:6)
  2 trolls (Orc:1)
  A red devil (Volcano)
  3 polar bears
  The ghost of Iskender the Sneak, an amateur OpCK of Xom (D:4)
  11 blink frogs
  4 hippogriffs
  9 dream sheep
  A spriggan (D:7)
  21 yaks
  3 hogs
  A basilisk (Lair:2)
  2 hungry ghosts
  7 nagas
  3 wargs
  5 hell hounds
  13 water moccasins
  13 porcupines
  23 orc warriors
  A necrophage (D:9)
  A black bear (D:9)
  7 ogres
  2 phantoms
  9 centaurs
  4 wolves (Lair:4)
  14 crocodiles
  A big kobold (D:10)
  16 bullfrogs
  4 gnoll sergeants (D:9)
  A wyvern skeleton (D:8)
  3 scorpions
  A water moccasin skeleton (D:7)
  5 killer bees (D:7)
  8 wights (D:8)
  2 electric eels (D:7)
  3 howler monkeys (D:10)
  3 crimson imps
  A centaur zombie (D:7)
  A quasit (D:7)
  8 hounds
  2 gnoll shamans (D:9)
  19 orc priests
  A bullfrog skeleton (D:6)
  6 jellies
  17 orc wizards
  4 centaur skeletons
  Terence (D:2)
  5 iguanas
  7 worker ants
  A hound zombie (D:4)
  2 hound skeletons
  Robin (D:2)
  A howler monkey skeleton (D:3)
  2 worker ant zombies (D:3)
  14 adders
  18 gnolls (D:9)
  3 shadow imps
  5 oozes (Lair:5)
  3 adder skeletons
  5 adder zombies
  2 worms
  2 dart slugs (D:1)
  4 leopard geckos
  73 orcs
  12 giant cockroaches
  9 goblins
  9 hobgoblins
  13 jackals
  4 quokkas
  A ball python (D:3)
  8 bats
  A frilled lizard (D:3)
  8 kobolds
  2 leopard gecko skeletons
  6 rats
  8 fungi
566 creatures vanquished.

Vanquished Creatures (collateral kills)
  2 orange demons (Lair:6)
  A smoke demon (Lair:6)
  A red devil (Lair:6)
4 creatures vanquished.

Vanquished Creatures (others)
  An ice devil (Lair:6)
  2 dream sheep (Lair:5)
  2 humans (Lair:5)
  An orc (D:5)
  A frilled lizard (D:5)
  7 fungi
  2 plants
16 creatures vanquished.

Grand Total: 586 creatures vanquished

Notes
Turn   | Place    | Note
-------+----------+-------------------------------------------
     0 | D:1      | Majang the Barachi Fighter began the quest for the Orb.
     0 | D:1      | Reached XP level 1. HP: 18/18 MP: 1/1
     5 | D:1      | Noticed an electric eel
   154 | D:1      | Reached XP level 2. HP: 18/25 MP: 2/2
   702 | D:2      | Reached skill level 1 in Dodging
   703 | D:2      | Reached XP level 3. HP: 29/30 MP: 3/3
   969 | D:2      | Noticed Robin
   972 | D:2      | Reached skill level 3 in Axes
   976 | D:2      | Killed Robin
  1006 | D:2      | Noticed an ogre
  1055 | D:2      | Killed an ogre
  1055 | D:2      | Reached XP level 4. HP: 10/37 MP: 4/4
  1055 | D:2      | Reached XP level 5. HP: 11/42 MP: 5/5
  1312 | D:2      | Noticed Terence
  1322 | D:2      | Killed Terence
  1723 | D:3      | Reached skill level 4 in Axes
  1847 | D:3      | Reached XP level 6. HP: 49/49 MP: 6/6
  2023 | D:3      | Found a glowing golden altar of the Shining One.
  2563 | D:4      | Found a sacrificial altar of Ru.
  2565 | D:4      | Found a shimmering altar of Xom.
  2565 | D:4      | Found a radiant altar of Vehumet.
  2605 | D:4      | Found a runed translucent gate.
  2606 | D:4      | Found a runed translucent gate.
  2615 | D:5      | Entered Level 5 of the Dungeon
  2615 | D:5      | Found a shimmering altar of Xom.
  2672 | D:5      | Reached skill level 5 in Fighting
  2672 | D:5      | Reached XP level 7. HP: 21/56 MP: 7/7
  2687 | D:5      | Reached skill level 5 in Armour
  2913 | D:5      | Reached skill level 5 in Axes
  3551 | D:5      | Found Sustiupo's Gadget Emporium.
  3569 | D:5      | Reached skill level 5 in Shields
  3871 | D:5      | Found Buofil's General Store.
  3891 | D:5      | Found Juug's Assorted Antiques.
  4161 | D:6      | Found a staircase to the Ecumenical Temple.
  4161 | D:6      | Found a sparkling altar of Nemelex Xobeh.
  4171 | D:6      | Got a bloodstained ring mail
  4177 | Temple   | Entered the Ecumenical Temple
  4178 | Temple   | Identified the cursed +1 ring mail of Kujef {Str+4 Dex-2
                  | Stlth+} (You found it on level 6 of the Dungeon)
  4219 | Temple   | Became a worshipper of Makhleb the Destroyer
  4311 | D:4      | Found a runed translucent gate.
  4316 | D:4      | Noticed Iskender's ghost (amateur OpCK)
  4387 | D:4      | Reached XP level 8. HP: 24/63 MP: 8/8
  4611 | D:4      | Reached skill level 6 in Axes
  5224 | D:4      | Found Jaintye's Distillery.
  5231 | D:4      | Bought a potion of ambrosia for 88 gold pieces
  5231 | D:4      | Bought a potion of haste for 110 gold pieces
  5231 | D:4      | Bought a potion of curing for 33 gold pieces
  5231 | D:4      | Bought a potion of heal wounds for 55 gold pieces
  5397 | D:6      | Reached skill level 1 in Invocations
  6081 | D:7      | Found Vuixt's Food Emporium.
  6085 | D:7      | Found a shadowy altar of Dithmenos.
  6103 | D:7      | Found a transporter.
  6106 | D:7      | Noticed sneaky's ghost (novice OpFi)
  6116 | D:7      | Found a transporter.
  6640 | D:7      | Reached skill level 7 in Axes
  7451 | D:7      | Reached XP level 9. HP: 59/70 MP: 10/10
  7660 | D:7      | Found a white marble altar of Elyvilon.
  7807 | D:7      | Noticed a gargoyle
  7823 | D:7      | HP: 3/71 [gargoyle/stone arrow (9)]
  7825 | D:7      | Killed a gargoyle
  7825 | D:7      | Reached skill level 5 in Dodging
  8113 | D:7      | Reached * piety under Makhleb
  8414 | D:4      | Killed Iskender's ghost
  8414 | D:4      | Reached skill level 8 in Axes
  8732 | D:8      | Noticed a centaur warrior
  8745 | D:8      | Killed a centaur warrior
  8745 | D:8      | Reached XP level 10. HP: 26/79 MP: 12/12
  9187 | D:8      | Reached skill level 9 in Axes
  9305 | D:8      | Identified a scroll of acquirement
  9651 | D:8      | Found Huataask's Antique Weapon Emporium.
  9656 | D:8      | Found a bloodstained altar of Trog.
  9670 | D:8      | Bought a transparent whip for 165 gold pieces
  9670 | D:8      | Identified the +4 whip of Pomuurgh {slash, rN+ Str+3 Dex+3}
                  | (You bought it in a shop on level 8 of the Dungeon)
  9866 | D:9      | Found an opulent altar of Gozag.
  9944 | D:9      | Reached ** piety under Makhleb
  9997 | D:9      | Noticed a two-headed ogre
 10010 | D:9      | Killed a two-headed ogre
 10401 | D:9      | Reached skill level 10 in Axes
 10423 | D:9      | Reached XP level 11. HP: 87/87 MP: 14/14
 10489 | D:9      | Found a staircase to the Lair.
 10589 | D:9      | Reached *** piety under Makhleb
 10962 | Lair:1   | Entered Level 1 of the Lair of Beasts
 11037 | Lair:1   | Noticed a five-headed hydra
 11057 | Lair:1   | Killed a five-headed hydra
 11410 | Lair:1   | Reached skill level 5 in Invocations
 11945 | Lair:1   | Reached skill level 11 in Axes
 12503 | Lair:2   | Noticed a five-headed hydra
 12871 | Lair:2   | Found a staircase to the Snake Pit.
 13338 | Lair:2   | You fall into a shaft and drop 2 floors!
 13368 | Lair:4   | Reached XP level 12. HP: 65/96 MP: 16/16
 13376 | Lair:4   | Reached **** piety under Makhleb
 13951 | Lair:3   | Found a dark tunnel.
 14013 | Volcano  | Entered a volcano
 14393 | Lair:2   | Killed a five-headed hydra
 14393 | Lair:2   | Reached skill level 10 in Armour
 14723 | Lair:2   | Reached skill level 12 in Axes
 14898 | Lair:2   | Found a staircase to the Shoals.
 14902 | Lair:2   | Reached skill level 10 in Fighting
 15030 | Lair:2   | Found a runed translucent gate.
 15030 | Lair:2   | Found a runed translucent gate.
 15030 | Lair:2   | Found a runed translucent gate.
 15031 | Lair:2   | Noticed barb4r1an's ghost (journeyman DsMo)
 16692 | Lair:5   | Found a staircase to the Slime Pits.
 17179 | Lair:5   | Gained mutation: You can hop long distances. [Barachi
                  | growth]
 17179 | Lair:5   | Reached XP level 13. HP: 95/104 MP: 18/18
 17266 | Lair:5   | Noticed Sonja
 17269 | Lair:5   | Reached ***** piety under Makhleb
 17274 | Lair:5   | Identified the cursed +3 hand axe of Defenestration
                  | {protect, rPois rC+ rN+ Str-2}
 17274 | Lair:5   | Noticed Kirke
 17305 | Lair:5   | Killed Sonja
 17615 | Lair:4   | Gained mutation: Your flesh is cold resistant. (rC+)
                  | [potion of mutation]
 17615 | Lair:4   | Gained mutation: You have large cloven feet. [potion of
                  | mutation]
 17684 | Lair:5   | Killed Kirke
 17684 | Lair:5   | Reached skill level 13 in Axes
 18297 | Lair:5   | Reached skill level 10 in Shields
 18958 | D:7      | Killed sneaky's ghost
 19318 | Lair:6   | Entered Level 6 of the Lair of Beasts
 20632 | Lair:6   | Reached skill level 10 in Dodging
 20767 | Lair:6   | Reached XP level 14. HP: 95/113 MP: 19/19
 21189 | Lair:6   | Noticed a dire elephant
 21211 | Lair:6   | Killed a dire elephant
 21211 | Lair:6   | Reached skill level 14 in Axes
 21453 | Lair:6   | Paralysed by a wizard for 4 turns
 21504 | Lair:6   | HP: 5/114 [red devil/+4 trident (16)]
 21777 | Lair:6   | Found a burning altar of Makhleb.
 21788 | Lair:6   | Found a gateway to Hell.
 22011 | D:10     | Entered Level 10 of the Dungeon
 22452 | D:10     | Found a roughly hewn altar of Beogh.
 22455 | D:10     | Found a staircase to the Orcish Mines.
 22690 | Orc:1    | Entered Level 1 of the Orcish Mines
 23165 | Orc:1    | Found a roughly hewn altar of Beogh.
 23175 | Orc:1    | Noticed Harold
 23201 | Orc:1    | Killed Harold
 23452 | Orc:1    | Noticed an orc warlord
 23475 | Orc:1    | Killed an orc warlord
 23491 | Orc:1    | Reached ****** piety under Makhleb
 23928 | Orc:2    | Entered Level 2 of the Orcish Mines
 23928 | Orc:2    | Found a staircase to the Elven Halls.
 24167 | Orc:2    | Found a roughly hewn altar of Beogh.
 24218 | Orc:2    | Found a roughly hewn altar of Beogh.
 24218 | Orc:2    | Found Atijos's Distillery.
 24370 | Orc:2    | Bought a potion of might for 64 gold pieces
 24370 | Orc:2    | Bought a potion of berserk rage for 80 gold pieces
 24370 | Orc:2    | Bought a potion of heal wounds for 80 gold pieces
 24370 | Orc:2    | Bought a potion of heal wounds for 80 gold pieces
 24370 | Orc:2    | Bought a potion of haste for 160 gold pieces
 24370 | Orc:2    | Bought a potion of agility for 64 gold pieces
 24428 | Orc:2    | Found a roughly hewn altar of Beogh.
 24428 | Orc:2    | Found Yvais's Book Shop.
 24683 | Orc:2    | Noticed an orc warlord
 24715 | Orc:2    | Killed an orc warlord
 24716 | Orc:2    | Paralysed by an orc sorcerer for 5 turns
 24731 | Orc:2    | Killed from afar by an orc priest

Levels and vault maps discovered:
D:1:      arrival_aquarium_a, layout_basic
D:2:      layout_loops_ring, uniq_robin, uniq_terence
D:3:      minmay_roachtagon, layout_basic, lemuel_round_altar, serial_undead,
          serial_undead_c, serial_undead_a, serial_undead_b, serial_undead_b,
          serial_undead_c, serial_undead_c, serial_undead_b, serial_undead_e
D:4:      layout_loops_corners, grunt_temple_overflow_open, serial_shops, shop,
          gammafunk_ghost_split
D:5:      layout_basic, nicolae_overflow_hidden_temple, first_ration,
          serial_shops, kennysheep_mini_moat, kennysheep_mini,
          nicolae_shop_overgrown_old_shop, hangedman_decor_points,
          xom_confusion_cloud
D:6:      layout_loops_corners, nemelex_xobeh_ov_fountains_minmay,
          minmay_temple_entry_gardened_gates, minmay_misc_feat_five,
          nrook_campfire
D:7:      layout_loops_ring, grunt_dithmenos_smoke, basic_altar, serial_shops,
          shop, gammafunk_ghost_arena, the_bakery, water_boxes_lemuel
D:8:      layout_basic, lemuel_crystal_altar, serial_shops,
          nicolae_shop_behind_doors
D:9:      layout_big_octagon, nicolae_overflow_crystal_walls,
          grunt_lair_entry_orc_guard_hut, serial_gnoll_camp,
          gnoll_camp_mini_sergeant, gnoll_camp_mini_hut, gnoll_camp_mini_house,
          gnoll_camp_medium_02, gnoll_camp_mini_basic, gnoll_camp_mini_loothouse
D:10:     layout_basic, david_orc_5
Temple:   cyrus_circular_temple
Lair:1:   wander_river, layout_regular_city
Lair:2:   layout_gridlike, minmay_shoals_entry_centaurs,
          minmay_snake_entry_guardpost_large, gammafunk_ghost_necromancy,
          chequers_serial_rivers_micro_d
Lair:3:   layout_regular_city, enter_volcano_3
Lair:4:   layout_cave_pods, infiniplex_staircase_pool_2
Lair:5:   layout_concentric_octagons, nicolae_slime_entry_slimehenge,
          st_stairs_4, grunt_megastairs_4, lemuel_fruit_fields, uniq_kirke,
          uniq_sonja
Lair:6:   evil_forest, layout_hall_layers
Orc:1:    layout_caves, mines1_david, uniq_harold
Orc:2:    grunt_orc_community_town_hall, layout_diamond_mine,
          grunt_orc_community_big_house_1, grunt_orc_community_big_house_1,
          grunt_orc_community_house_1, grunt_orc_community_house_3,
          grunt_orc_community_house_3, grunt_orc_community_house_3,
          grunt_orc_community_house_2, grunt_orc_community_house_2

Skill      XL: |  1  2  3  4  5  6  7  8  9 10 11 12 13 14 |
---------------+-------------------------------------------+-----
Dodging        | 1 2 3 4 5 6 8 9 10 | 10.7
Axes           | 3 4 5 7 8 10 11 12 13 14 | 14.6
Armour         | 4 5 6 7 8 9 10 11 12 | 12.1
Fighting       | 4 5 6 7 8 9 10 11 12 | 12.1
Shields        | 4 5 6 7 8 9 10 11 | 11.1
Invocations    | 2 3 4 5 6 7 8 |  8.4

Action                   |  1- 3 |  4- 6 |  7- 9 | 10-12 | 13-15 || total
-------------------------+-------+-------+-------+-------+-------++-------
Melee: War axe           |    76 |   173 |   354 |   585 |   146 ||  1334
       Unarmed           |       |     4 |       |       |    10 ||    14
       Broad axe         |       |       |       |   202 |   622 ||   824
       Whip              |       |       |       |    12 |       ||    12
       Flail             |       |       |       |     4 |       ||     4
       Hand axe          |       |       |       |       |    12 ||    12
Throw: Dart              |     5 |     2 |    49 |     4 |       ||    60
       Javelin           |       |       |       |     2 |     7 ||     9
Invok: Minor Destruction |       |       |       |   161 |   108 ||   269
       Lesser Servant of |       |       |       |       |     2 ||     2
 Abil: Hop               |     1 |       |       |     2 |     4 ||     7
Evoke: Wand              |       |       |     1 |     1 |       ||     2
  Use: Potion            |       |     1 |     5 |     8 |    20 ||    34
       Scroll            |       |     4 |     8 |    15 |     6 ||    33
 Stab: Sleeping          |       |       |     3 |       |       ||     3
       Distracted        |       |       |       |     1 |       ||     1
  Eat: Chunk             |     1 |     6 |    18 |    22 |    22 ||    69
       Ration            |       |       |     1 |     4 |     1 ||     6
Armor: Scale mail        |    24 |   104 |    27 |    73 |   183 ||   411
       Ring mail         |       |       |    95 |   165 |       ||   260
Dodge: Dodged            |    28 |    83 |   118 |   350 |   382 ||   961
Block: Shield            |    42 |   106 |   156 |   485 |   484 ||  1273
